 Dungeon Crawl Stone Soup version 0.26-a0-818-g75db068ed4 (webtiles) character file.

Game seed: 8961975993026735826

12470 marklar909 the Transmogrifier (level 11, -20/92 HPs)
             Began as a Red Draconian Transmuter on Nov 14, 2020.
             Was a High Priest of Okawaru.
             Demolished by a boulder beetle (34 damage)
             ... on level 11 of the Dungeon.
             The game lasted 00:19:37 (15098 turns).

marklar909 the Transmogrifier (DrTm)               Turns: 15098, Time: 00:19:38

Health: -20/92     AC: 11    Str: 14    XL:     11   Next: 62%
Magic:  17/24      EV: 17    Int: 13    God:    Okawaru [*****.]
Gold:   492        SH:  0    Dex: 14    Spells: 3/14 levels left

rFire    + + .     SeeInvis +     - Unarmed
rCold    + . .     Faith    .   (no shield)
rNeg     . . .     Spirit   .   (armour unavailable)
rPois    .         Reflect  .   (helmet restricted)
rElec    .         Harm     .   y - scarf {rC+ rF+}
rCorr    .         Rampage  .   r - +1 pair of gloves
MR       .....                  a - +1 pair of boots
Stlth    ++........             k - amulet of the acrobat
HPRegen  0.25/turn              n - ring of see invisible
MPRegen  0.19/turn              p - ring of magical power

@: about to teleport, finesse
A: breathe fire, unfitting armour, fire resistance 1, cold-blooded, AC +7
a: Breathe Fire, Heroism, Finesse, Renounce Religion


You were on level 11 of the Dungeon.
You worshipped Okawaru.
Okawaru was extremely pleased with you.
You visited 2 branches of the dungeon, and saw 12 of its levels.

You collected 632 gold pieces.
You spent 140 gold pieces at shops.

Inventory:

Missiles
 g - 15 poisoned darts (quivered)
Armour
 a - a +1 pair of boots (worn)
 r - a +1 pair of gloves (worn)
 y - a scarf of resistance (worn)
 L - a +0 pair of gloves of strength
Jewellery
 h - an uncursed ring of resist corrosion
 k - an amulet of the acrobat (around neck)
 n - a ring of see invisible (left hand)
 p - a ring of magical power (right hand)
 I - an uncursed ring of stealth {unknown}
 N - a cursed ring of attention {unknown}
Wands
 o - a wand of digging (19)
 C - a wand of flame (37)
 G - a wand of enslavement (5)
Scrolls
 d - 8 scrolls of identify
 j - a scroll of immolation {unknown}
 l - 8 scrolls of remove curse
 t - 3 scrolls of teleportation
 u - a scroll of fog {unknown}
 w - 2 scrolls of enchant weapon {unknown}
 x - a scroll of brand weapon {unknown}
 A - a scroll of noise {unknown}
 B - 2 scrolls of magic mapping {unknown}
 D - 3 scrolls of enchant armour
 E - 2 scrolls of amnesia {unknown}
 F - 2 scrolls of vulnerability {unknown}
 J - 2 scrolls of summoning {unknown}
 M - a scroll of torment {unknown}
Potions
 b - a potion of haste
 c - 2 potions of resistance
 e - 2 potions of berserk rage
 f - 2 potions of curing
 m - a potion of attraction {unknown}
 q - 3 potions of might
 s - a potion of mutation {unknown}
 v - a potion of brilliance {unknown}
 z - 2 potions of degeneration {unknown}
 H - a potion of magic {unknown}
Miscellaneous
 K - a condenser vane (inert)


   Skills:
 * Level 7.3 Fighting
 + Level 1.7 Throwing
 * Level 7.6 Dodging
 + Level 3.3 Stealth
 + Level 9.6 Unarmed Combat
 - Level 2.0 Spellcasting
 * Level 10.4 Transmutations
 + Level 2.0 Poison Magic
 * Level 6.2 Invocations


You had 3 spell levels left.
You knew the following spells:

 Your Spells              Type           Power        Failure   Level
a - Beastly Appendage     Tmut           ####..       1%          1
b - Wereblood             Tmut           ####....     1%          2
c - Spider Form           Tmut/Pois      ###.......   6%          3
d - Blade Hands           Tmut           ####......   10%         5

Your spell library contained the following spells:

 Spells                   Type           Power        Failure   Level
 Corona                   Hex            #......      26%         1
 Ensorcelled Hibernation  Hex/Ice        #.....       36%         2
 Confusing Touch          Hex            #.......     58%         3
 Dazzling Flash           Conj/Hex       #.....       58%         3
 Tukima's Dance           Hex            #.......     58%         3
 Ice Form                 Ice/Tmut       ##......     30%         4
 Summon Forest            Summ/Tloc      #.........   100%        5
 Iron Shot                Conj/Erth      #.........   100%        6
 Dragon's Call            Summ           #.........   100%        9


Dungeon Overview and Level Annotations

Branches:
Dungeon (11/15)            Temple (1/1) D:5             Orc (0/2) D:10
   Lair: D:8-11

Altars:
Ashenzari
Cheibriados
Dithmenos
Elyvilon
Fedhas
Gozag
Hepliaklqana
Kikubaaqudgha
Makhleb
Nemelex Xobeh
Okawaru
Qazlal
Ru
Sif Muna
Trog
Uskayaw
Vehumet
Wu Jian
Xom
Yredelemnul
Zin
The Shining One

Shops:
D:7 !

Annotations:
D:2 1 runed translucent door, Crazy Yiuf
D:10 1 runed translucent door, jalala's ghost, journeyman GnWn


Innate Abilities, Weirdness & Mutations

You can breathe blasts of fire.
Your fiery red scales are hard. (AC +7)
You cannot fit into any form of body armour.
Your flesh is heat resistant. (rF+)
You are cold-blooded and may be slowed by cold attacks.


Message History

The basilisk bites you.
* * * LOW HITPOINT WARNING * * *
The komodo dragon bites you!
* * * LOW HITPOINT WARNING * * *
The howler monkey howls!
You hear an angry hiss.
The howler monkey hoots and howls with incredible vigour!
The basilisk bites you!
* * * LOW HITPOINT WARNING * * *
The komodo dragon completely misses you.
You turn to flesh and can move again.
Press: ? - help, Dir - move target cursor
As you read the scroll of blinking, it crumbles to dust.
Okay, then.
Okay, then.
Okay, then.
Okay, then.
As you read the scroll labelled PUSMACS ENLAW, it crumbles to dust.
You feel strangely unstable.
It was a scroll of teleportation.
You feel better. The boulder beetle hits you!!
You die...

# ## ###. ### # #.#
#...##..##.###..# ###
...#...#.##°B@.# #.##
..#...°..#h####.#
####..
..h..°.○B°###.####
###...##
#..○#.Dl.))......#
####..##### #
##.h#))......###....##
# ###.#.###.........##
###..#.##########
############# ##### ##
#...........###...# #.


You could see a boulder beetle and a howler monkey (catching breath).

Vanquished Creatures
  Harold (D:7)
  A hydra (D:9)
  3 two-headed ogres (D:9)
  An unseen horror (D:7)
  Pikel (D:8)
  Psyche (D:10)
  A kobold demonologist (D:9)
  A komodo dragon (D:11)
  A troll (D:9)
  A hornet (D:8)
  11 yaks
  A wraith (D:11)
  A wyvern (D:9)
  A basilisk (D:11)
  Duvessa (D:6)
  A soldier ant (D:9)
  An acid dragon (D:8)
  A water moccasin (D:6)
  4 orc warriors
  2 sky beasts
  3 ogres
  4 phantoms
  8 centaurs
  2 big kobolds
  6 bullfrogs
  4 scorpions
  A wyvern skeleton (D:8)
  Dowan (D:6)
  9 killer bees
  6 wights
  2 howler monkeys
  2 bullfrog zombies
  6 orc priests
  3 hounds
  2 bullfrog skeletons (D:6)
  3 jellies
  4 orc wizards
  Natasha (D:2)
  7 iguanas
  Ijyb (D:5)
  Terence (D:2)
  9 worker ants
  A bullfrog simulacrum (D:9)
  2 hound skeletons
  A gnoll (D:9)
  A howler monkey skeleton (D:7)
  8 adders
  A shadow imp (D:6)
  A white imp (D:5)
  3 ufetubi
  2 oozes (D:3)
  2 adder zombies
  An adder skeleton (D:4)
  4 worms
  5 leopard geckos
  26 orcs
  11 bats
  5 giant cockroaches
  10 hobgoblins
  12 jackals
  3 quokkas
  5 frilled lizards
  11 goblins
  A jackal skeleton (D:2)
  20 kobolds
  9 rats
266 creatures vanquished.

Vanquished Creatures (others)
  An orc (D:9)
  2 fungi (D:7)
  A plant (D:7)
4 creatures vanquished.

Grand Total: 270 creatures vanquished

Notes
Turn   | Place    | Note
-------+----------+-------------------------------------------
     0 | D:1      | marklar909 the Draconian Transmuter began the quest for the
                  | Orb.
     0 | D:1      | Reached XP level 1. HP: 16/16 MP: 3/3
   499 | D:1      | Reached XP level 2. HP: 23/23 MP: 3/5
  1363 | D:2      | Reached XP level 3. HP: 28/28 MP: 4/6
  1379 | D:2      | Learned a level 2 spell: Wereblood
  1383 | D:2      | Learned a level 3 spell: Spider Form
  1444 | D:2      | Reached skill level 1 in Throwing
  1580 | D:2      | Noticed Natasha
  1588 | D:2      | Killed Natasha
  1589 | D:2      | Reached XP level 4. HP: 28/36 MP: 4/7
  2000 | D:2      | Noticed Terence
  2008 | D:2      | Killed Terence
  2009 | D:2      | Reached skill level 3 in Transmutations
  2055 | D:2      | Found a runed translucent door.
  2056 | D:2      | Noticed Crazy Yiuf
  2092 | D:2      | You fall into a shaft and drop 1 floor!
  2451 | D:3      | Reached XP level 5. HP: 15/41 MP: 4/8
  4000 | D:4      | Noticed an ogre
  4016 | D:4      | Killed an ogre
  4017 | D:4      | Reached XP level 6. HP: 47/50 MP: 9/9
  4061 | D:4      | Found a sparkling altar of Nemelex Xobeh.
  4061 | D:4      | Found a basalt altar of Yredelemnul.
  4062 | D:4      | Found a stormy altar of Qazlal.
  4387 | D:4      | Found a hide-covered altar of Uskayaw.
  4410 | D:4      | Reached skill level 1 in Stealth
  4410 | D:4      | Reached skill level 4 in Transmutations
  4718 | D:4      | Your scales start taking on a fiery red colour.
  4718 | D:4      | Reached XP level 7. HP: 36/57 MP: 10/10
  4718 | D:4      | Gained mutation: Your flesh is heat resistant. (rF+) [Red
                  | Draconian growth]
  5430 | D:5      | Entered Level 5 of the Dungeon
  5611 | D:5      | Found a staircase to the Ecumenical Temple.
  5638 | Temple   | Entered the Ecumenical Temple
  5749 | Temple   | Became a worshipper of Warmaster Okawaru
  5834 | D:5      | Reached skill level 5 in Unarmed Combat
  5971 | D:5      | Noticed Ijyb
  6001 | D:5      | Killed Ijyb
  6421 | D:6      | Reached skill level 5 in Transmutations
  6619 | D:6      | Reached XP level 8. HP: 65/66 MP: 11/11
  6760 | D:6      | Reached * piety under Okawaru
  6834 | D:6      | Noticed Duvessa
  6840 | D:6      | Noticed Dowan
  7296 | D:6      | Killed Duvessa
  7297 | D:6      | Reached skill level 5 in Dodging
  7299 | D:6      | Killed Dowan
  7300 | D:6      | Reached skill level 6 in Transmutations
  7751 | D:7      | Found a shimmering altar of Xom.
  7830 | D:7      | Found a blossoming altar of Fedhas.
  8058 | D:7      | Noticed an unseen horror
  8078 | D:7      | Killed an unseen horror
  8078 | D:7      | Reached ** piety under Okawaru
  8079 | D:7      | Reached skill level 5 in Fighting
  8079 | D:7      | Reached skill level 7 in Transmutations
  8079 | D:7      | Reached XP level 9. HP: 56/74 MP: 12/12
  8204 | D:7      | Found an ancient bone altar of Kikubaaqudgha.
  8321 | D:7      | Found Vapnepsuotu's Distillery.
  8336 | D:7      | Learned a level 5 spell: Blade Hands
  8341 | D:7      | Bought a potion of berserk rage for 70 gold pieces
  8341 | D:7      | Bought a potion of heal wounds for 70 gold pieces
  8555 | D:7      | Reached skill level 1 in Invocations
  8728 | D:8      | Noticed Harold
  9058 | D:7      | Killed Harold
  9058 | D:7      | Reached *** piety under Okawaru
  9391 | D:8      | Noticed Pikel
  9406 | D:8      | Killed Pikel
  9407 | D:8      | Reached skill level 8 in Transmutations
  9594 | D:8      | Reached skill level 1 in Poison Magic
  9628 | D:8      | Reached XP level 10. HP: 83/83 MP: 13/13
  9642 | D:8      | Reached **** piety under Okawaru
  9666 | D:8      | Found a radiant altar of Vehumet.
 10331 | D:9      | Noticed a two-headed ogre
 10730 | D:9      | Noticed a two-headed ogre
 11879 | D:9      | Identified Sif Muna's Papyrus of Stones and Companions
 11932 | D:9      | Killed a two-headed ogre
 11933 | D:9      | Reached skill level 9 in Transmutations
 12185 | D:9      | Noticed a two-headed ogre
 12191 | D:9      | Killed a two-headed ogre
 12191 | D:9      | Reached ***** piety under Okawaru
 12191 | D:9      | Received a gift from Okawaru
 12192 | D:9      | Reached skill level 5 in Invocations
 12801 | D:9      | Reached XP level 11. HP: 78/91 MP: 14/14
 12863 | D:9      | Received a gift from Okawaru
 12879 | D:9      | Noticed a seven-headed hydra
 12880 | D:9      | Noticed a sun demon
 12882 | D:9      | Killed a seven-headed hydra
 13938 | D:9      | Killed a two-headed ogre
 14035 | D:10     | Entered Level 10 of the Dungeon
 14106 | D:10     | Reached skill level 10 in Transmutations
 14145 | D:10     | Noticed Psyche
 14152 | D:10     | Killed Psyche
 14195 | D:10     | Found a runed translucent door.
 14196 | D:10     | Found a shimmering altar of Xom.
 14196 | D:10     | Noticed jalala's ghost (journeyman GnWn)
 14197 | D:10     | Noticed a +0 halberd of chaos
 14349 | D:10     | Found a staircase to the Orcish Mines.
 15088 | D:11     | Noticed a boulder beetle
 15098 | D:11     | Demolished by a boulder beetle

Illustrated notes

Levels and vault maps discovered:
D:1:      dpeg_arrival_short_road, layout_loops_corners, serial_park_tiny_2,
          hangedman_decor_riveting
D:2:      layout_loops_ring, serial_rivers, chequers_serial_rivers_micro_d,
          chequers_serial_rivers_room_b, chequers_serial_rivers_small_3,
          chequers_serial_rivers_micro_a, chequers_serial_rivers_room_b,
          chequers_serial_rivers_micro_d, minmay_cupped, uniq_terence,
          uniq_crazy_yiuf_cottage, uniq_natasha
D:3:      layout_basic
D:4:      layout_loops_ring, eat_drink_and_be_merry_uskayaw,
          chequers_temple_overflow_statue_of_worship, grunt_ministairs_12,
          minmay_ogre_servants
D:5:      layout_loops_cross, minmay_temple_entry_glassed_door, uniq_ijyb
D:6:      layout_rooms, uniq_duvessa
D:7:      layout_loops_ring, fedhas_altar_3, serial_shops, shop, basic_altar,
          pf_just_have_faith
D:8:      layout_basic, vehumet_altar_wand_db, uniq_harold, uniq_pikel
D:9:      minmay_the_grid_octo_2x2 [minmay_the_grid_octo_teeth,
          minmay_the_grid_octo_focus, minmay_the_grid_octo_tetromino_candy,
          minmay_the_grid_octo_prize_single_spiral], layout_layer_cave
D:10:     layout_loops_ring, orc_0_dummy, ebering_ghost_xom, uniq_psyche
D:11:     layout_loops_ring, erik_lair_dragon
Temple:   eino_temple_rhombus

Skill      XL: |  1  2  3  4  5  6  7  8  9 10 11 |
---------------+----------------------------------+-----
Dodging        | 2 3 4 5 6 7 |  7.6
Throwing       | 1 |  1.7
Transmutations | 3 4 5 7 8 9 10 | 10.4
Fighting       | 2 3 5 6 7 |  7.3
Unarmed Combat | 4 5 6 7 9 |  9.6
Stealth        | 1 2 3 |  3.3
Invocations    | 3 5 6 |  6.2
Poison Magic   | 1 2 |  2.0
Spellcasting   | |  2.0

Action                   |  1- 3 |  4- 6 |  7- 9 | 10-12 || total
-------------------------+-------+-------+-------+-------++-------
Melee: Unarmed           |    92 |   214 |   248 |   275 ||   829
       Kick              |    12 |    40 |    43 |    15 ||   110
       Tailslap          |     9 |    22 |    30 |    26 ||    87
       Headbutt          |     5 |    16 |    33 |     9 ||    63
       Punch             |     1 |     1 |     8 |    10 ||    20
Throw: Stone             |    36 |       |       |       ||    36
       Dart              |       |    46 |       |       ||    46
 Cast: Beastly Appendage |    22 |    27 |    27 |    10 ||    86
       Wereblood         |     2 |    12 |    20 |     6 ||    40
       Spider Form       |       |     1 |     4 |     9 ||    14
       Blade Hands       |       |       |       |    23 ||    23
Invok: Heroism           |       |       |       |     5 ||     5
       Finesse           |       |       |       |     1 ||     1
 Abil: Breathe Fire      |       |       |    19 |    17 ||    36
Evoke: Condenser vane    |       |       |       |     1 ||     1
  Use: Scroll            |       |     4 |     4 |     2 ||    10
       Potion            |       |     3 |       |     3 ||     6
 Stab: Sleeping          |     1 |     1 |       |     2 ||     4
       Confused          |       |       |       |     3 ||     3
Armor: Skin              |    35 |    51 |    68 |    31 ||   185
Dodge: Dodged            |    77 |   145 |   225 |   301 ||   748

Table legend: (Time is in decaauts)
 A = Elapsed time spent in this place.
 B = Non-inter-level travel time spent in this place.
 C = Inter-level travel time spent in this place.
 D = Time resting spent in this place.
 E = Time spent auto-exploring this place.
 F = Levels seen in this place.
 G = Mean time per level.
                   A        B        C        D        E       F      G
               +--------+--------+--------+--------+--------+-----+--------+
         Total |  15003 |  14322 |    681 |   2706 |   9497 |  12 | 1250.2 |
       Dungeon |  14875 |  14232 |    643 |   2706 |   9409 |  11 | 1352.3 |
        Temple |    127 |     89 |     38 |      0 |     88 |   1 |  127.0 |
               +--------+--------+--------+--------+--------+-----+--------+

Top non-repeatable levels by time:
     D:8: 2443 daAuts
     D:9: 2364 daAuts
     D:3: 1829 daAuts
     D:7: 1536 daAuts
     D:4: 1471 daAuts
     D:6: 1049 daAuts
     D:2: 1047 daAuts
     D:1: 1042 daAuts
     D:5: 1041 daAuts
    D:10: 753 daAuts
    D:11: 297 daAuts
  Temple: 127 daAuts
